 Dungeon Crawl Stone Soup version 0.30-a0-1035-g38d5fb2972 (webtiles) character file.

Game seed: 5463372472387204623

88 Zeldest the Charlatan (level 4, -1/30 HPs)
             Began as an Octopode Artificer on Apr 8, 2023.
             Slain by an ufetubus (4 damage)
             ... on level 3 of the Dungeon.
             The game lasted 00:03:40 (2002 turns).

Zeldest the Charlatan (Octopode Artificer)          Turns: 2002, Time: 00:03:41

Health: -1/30      AC:  1    Str: 11    XL:     4   Next: 53%
Magic:  16/16      EV: 13    Int: 17    God:
Gold:   109        SH:  0    Dex: 12    Spells: 7/7 levels left

rFire   . . .      SeeInvis .    l - +6 sling "Laets" {drain, Int+2}
rCold   . . .      Faith    .    (no shield)
rNeg    . . .      Spirit   .    (helmet restricted)
rPois   .          Reflect  .    (no amulet)
rElec   .          Rampage  .    i - ring of magical power
rCorr   .                        (no ring)
Will    .....                    (no ring)
Stlth   +++                      (no ring)
HPRegen 0.25/turn                (no ring)
MPRegen 0.15/turn                (no ring)
                                 (no ring)
                                 (no ring)

@: no status effects
A: almost no armour, amphibious, 8 rings, camouflage 1, gelatinous body 1,
(nimble swimmer 1), tentacles
a: no special abilities


You were on level 3 of the Dungeon.
You visited 1 branch of the dungeon, and saw 4 of its levels.

You collected 109 gold pieces.

Inventory:

Hand Weapons
 g - a +0 dagger
 l - the +6 sling "Laets" (weapon) {drain, Int+2}
   (You found it on level 2 of the Dungeon)

   Int:       It affects your intelligence (+2).
Magical Staves
 r - a staff of air
Jewellery
 i - a ring of magical power (left tentacle)
Wands
 b - a wand of flame (15)
 c - a wand of charming (15)
 d - a wand of iceblast (5)
Scrolls
 a - a scroll of vulnerability {unknown}
 e - 5 scrolls of teleportation {unknown}
 f - a scroll of identify {unknown}
 k - a scroll of fog {unknown}
 m - a scroll of fear {unknown}
 q - a scroll of amnesia {unknown}
Potions
 h - a potion of magic {unknown}
 j - a potion of heal wounds
 n - 2 potions of invisibility {unknown}
 o - a potion of degeneration {unknown}
 p - 2 potions of cancellation {unknown}


   Skills:
 - Level 2.6 Fighting
 + Level 1.5 Ranged Weapons
 - Level 2.3 Dodging
 - Level 1.4 Stealth
 - Level 2.1 Spellcasting
 - Level 3.2 Evocations


You had 7 spell levels left.
You didn't know any spells.
Your spell library was empty.

Dungeon Overview and Level Annotations

Branches:
Dungeon (4/15) Zot: 21976
 Temple: D:4-7

Altars:
Fedhas
Makhleb
Qazlal


Innate Abilities, Weirdness & Mutations

You cannot wear most types of armour.
You are amphibious.
You can wear up to eight rings at the same time.
Your skin changes colour to match your surroundings (Stealth+).
Your rubbery body absorbs attacks. (AC +1, EV +1)
((You are camouflaged when in or above water. (Stealth+)))
You have tentacles for arms and can constrict up to eight enemies at once.


Message History

There is a stone staircase leading down here.
Okay, then.
It was a potion of heal wounds.
You feel much better. The ufetubus closely misses you. The ufetubus misses you.
The endoplasm closely misses you. The worm bites you.
Fire: l) +6 sling "Laets" {drain, Int+2}
Press: ? - help, Q - select action, (/) - cycle Shift-Dir - straight line, f - worm
Aim: a worm (severely wounded, 80% to hit)
You shoot a sling bullet. The sling bullet hits the worm.
The worm is almost dead.
The ufetubus hits you.
The ufetubus hits you but does no damage.
The endoplasm freezes you.
You are frozen.
The ufetubus hits you but does no damage.
The ufetubus hits you. The worm barely misses you. The endoplasm freezes you.
You are frozen.
Fire: l) +6 sling "Laets" {drain, Int+2}
Press: ? - help, Q - select action, (/) - cycle Shift-Dir - straight line, f/p - worm
Aim: a worm (almost dead, 80% to hit)
You shoot a sling bullet.
The sling bullet barely misses the worm.
The ufetubus hits you. x2; The ufetubus misses you.
The ufetubus hits you.
* * * LOW HITPOINT WARNING * * *
The endoplasm closely misses you. The worm bites you.
* * * LOW HITPOINT WARNING * * *
Fire: l) +6 sling "Laets" {drain, Int+2}
Press: ? - help, Q - select action, (/) - cycle Shift-Dir - straight line, f/p - worm
Aim: a worm (almost dead, 80% to hit)
You shoot a sling bullet. The sling bullet hits the worm!
You kill the worm!
The ufetubus misses you. The ufetubus barely misses you.
The ufetubus misses you. The ufetubus completely misses you.
The endoplasm hits you.
* * * LOW HITPOINT WARNING * * *
The endoplasm attacks as you move away! The endoplasm hits you.
* * * LOW HITPOINT WARNING * * *
The ufetubus hits you.
You die...

##########...........##
###..........##.........#
#########...###########.........#
..........### ##......†(...#
........### #..#.........#
......#..######## #.##.........#
................# #.##........##
..............######.#........##
..#..#.######...@5##.........##
..#..#..### #####J...........#
..#..##...# ##.#........##
..#..####.# ###.#........##
....## #.######.............#
.....####........#.#.........#
.............##......#.......#
....#.###..#.##.#..#.##.....##
....#..###......#.##.###...##


You could see an ufetubus and an endoplasm.

Vanquished Creatures
  3 adders
  2 worms (D:3)
  A dart slug (D:1)
  3 bats
  7 endoplasms
  4 giant cockroaches
  3 goblins
  A hobgoblin (D:2)
  4 jackals (D:1)
  7 kobolds
  A quokka (D:2)
  9 ball pythons
  4 frilled lizards
  4 rats
53 creatures vanquished.

Notes
Turn   | Place    | Note
-------+----------+-------------------------------------------
     0 | D:1      | Zeldest the Octopode Artificer began the quest for the Orb.
     0 | D:1      | Reached XP level 1. HP: 13/13 MP: 1/1
    47 | D:1      | Found a faded altar of an unknown god.
   209 | D:1      | Reached XP level 2. HP: 18/18 MP: 3/3
   232 | D:1      | Reached skill level 1 in Spellcasting
   569 | D:1      | Reached XP level 3. HP: 20/24 MP: 5/5
   736 | D:2      | Identified the +6 sling "Laets" {drain, Int+2}
  1532 | D:3      | Reached XP level 4. HP: 30/30 MP: 7/7
  1542 | D:3      | Reached skill level 1 in Ranged Weapons
  1683 | D:3      | Found a burning altar of Makhleb.
  1736 | D:3      | Found a blossoming altar of Fedhas.
  1937 | D:3      | Found a stormy altar of Qazlal.
  2002 | D:3      | Slain by an ufetubus

Illustrated notes

Levels and vault maps discovered:
D:1:      dpeg_arrival_round_a, layout_basic, nicolae_ecumenical_snake_handling
D:2:      layout_loops_corners
D:3:      layout_rooms, overflow_temple_1_default,
          mainiacjoe_overflow_boulevard, lemuel_round_altar,
          minmay_misc_feat_iff
D:4:      layout_gridville, jmf_multi_god_temple,
          chequers_temple_overflow_statue_of_worship, minmay_misc_feat_columns

Skill      XL: |  1  2  3  4 |
---------------+-------------+-----
Spellcasting   | 1 2 |  2.1
Fighting       | 2 |  2.6
Ranged Weapons | 1 |  1.5
Dodging        | |  2.3
Stealth        | |  1.4
Evocations     | |  3.2

Action                     |  1- 3 |  4- 6 || total
---------------------------+-------+-------++-------
  Melee: Club              |    11 |       ||    11
         Constrict         |    14 |       ||    14
         Tentacles         |    10 |       ||    10
         Dagger            |    40 |       ||    40
   Fire: Sling             |    21 |    32 ||    53
    Use: Potion            |       |     1 ||     1
   Stab: Sleeping          |     5 |       ||     5
 Armour: Skin              |     5 |     2 ||     7
  Dodge: Dodged            |    32 |    16 ||    48

Table legend: (Time is in decaauts)
 A = Elapsed time spent in this place.
 B = Non-inter-level travel time spent in this place.
 C = Inter-level travel time spent in this place.
 D = Time resting spent in this place.
 E = Time spent auto-exploring this place.
 F = Levels seen in this place.
 G = Mean time per level.
                   A        B        C        D        E       F      G
               +--------+--------+--------+--------+--------+-----+--------+
         Total |   2022 |   1953 |     69 |    122 |   1492 |   4 |  505.5 |
       Dungeon |   2022 |   1953 |     69 |    122 |   1492 |   4 |  505.5 |
               +--------+--------+--------+--------+--------+-----+--------+

Top non-repeatable levels by time:
     D:2: 845 daAuts
     D:1: 693 daAuts
     D:3: 473 daAuts
     D:4: 10 daAuts
